 Dungeon Crawl Stone Soup version 0.19-a0-1855-gb7442ac (webtiles) character file.

51 wazuzu the Chucker (level 3, -2/37 HPs)
             Began as an Ogre Hunter on Oct 11, 2016.
             Slain by Terence
             ... wielding a +0 hand axe
              (5 damage)
             ... on level 1 of the Dungeon.
             The game lasted 00:05:48 (1612 turns).

wazuzu the Chucker (Ogre Hunter)                    Turns: 1612, Time: 00:05:49

Health: -2/37      AC:  3    Str: 17    XL:     3   Next: 83%
Magic:  3/3        EV: 15    Int: 10    God:
Gold:   101        SH:  0    Dex: 16    Spells: 0 memorised, 2 levels left

rFire  . . .     SeeInvis .     l - +0 mace
rCold  . . .     Gourm    .     b - +0 robe
rNeg   . . .     Faith    .     (no shield)
rPois  .         Spirit   .     (helmet restricted)
rElec  .         Dismiss  .     (no cloak)
rCorr  .         Reflect  .     (gloves unavailable)
MR     .....     Harm     .     (boots unavailable)
Stlth  +++.......               (no amulet)
                                (no ring)
                                (no ring)

@: agile
A: unfitting armour, tough skin 1
a: no special abilities


You were on level 1 of the Dungeon.
You were very hungry.

You visited 1 branch of the dungeon, and saw 2 of its levels.

You collected 101 gold pieces.

Inventory:

Hand Weapons
 l - a +0 mace (weapon)
Missiles
 c - 5 large rocks
 i - 71 stones (quivered)
Armour
 b - a +0 robe (worn)
Scrolls
 e - a scroll of fear {unknown}
 h - 2 scrolls of identify {unknown}
 k - a scroll of immolation {unknown}
 m - a scroll of remove curse {unknown}
Potions
 g - a potion of lignification {unknown}
 j - a potion of flight {unknown}
 o - a potion of invisibility {unknown}
Comestibles
 a - a royal jelly
 f - a bread ration
 n - a beef jerky


   Skills:
 - Level 3.4 Fighting
 + Level 1.3 Maces & Flails
 * Level 4.9 Throwing
 - Level 1.7 Dodging
 - Level 0.6 Stealth


You had 2 spell levels left.
You didn't know any spells.

Dungeon Overview and Level Annotations

Branches:
Dungeon (2/15)

Altars:
Ru

Annotations:
D:1 Terence


Innate Abilities, Weirdness & Mutations

You are too large for most types of armour.
You have tough skin. (AC +1)


Message History

You hit Terence but do no damage.
Terence is almost dead.
Terence completely misses you. Terence barely misses you.
You hit Terence but do no damage.
Terence is almost dead.
Terence hits you with a hand axe.
* * * LOW HITPOINT WARNING * * *
You closely miss Terence.
Terence is almost dead.
Terence closely misses you.
You barely miss Terence.
Terence is almost dead.
Terence closely misses you.
You hit Terence but do no damage.
Terence is almost dead.
Terence closely misses you.
You hit Terence but do no damage.
Terence is almost dead.
Terence barely misses you. Terence hits you with a hand axe.
You die...

#.#
#..##.###...#########
#.# #.###.#
###.......... #.#
#.###.### #########..
#.#
#.##....########....#
#.#
#.##....##.).....####
#.#
###.##....##.#######
###.###.......###..#
#>....#..######...##
#.......[..@@)..###
## #........########
##. #......### ####..
#......# ##.....
#......#
########..##.#
###.##.#
##......#..##.#
#..#.#
##.........###.#
##...# ##..........#
#.# #..##
#...........# #.#


You could see Terence.

Vanquished Creatures
  An adder (D:2)
  An ooze (D:1)
  4 dart slugs (D:1)
  A leopard gecko (D:2)
  A giant cockroach (D:1)
  2 goblins
  4 hobgoblins
  A ball python (D:1)
  4 bats
  6 frilled lizards (D:1)
  4 kobolds
  3 rats
32 creatures vanquished.

Notes
Turn   | Place    | Note
-------+----------+-------------------------------------------
     0 | D:1      | wazuzu the Ogre Hunter began the quest for the Orb.
     0 | D:1      | Reached XP level 1. HP: 22/22 MP: 1/1
   189 | D:1      | Reached XP level 2. HP: 31/31 MP: 2/2
   631 | D:1      | Reached XP level 3. HP: 37/37 MP: 3/3
   984 | D:2      | Noticed Terence
  1361 | D:2      | Reached skill level 1 in Maces & Flails
  1490 | D:2      | Found a sacrificial altar of Ru.
  1612 | D:1      | Slain by Terence

Vault maps used:
D:1:      dpeg_arrival_tiny_a
D:2:      first_bread, nicolae_ru_awakened_eye, uniq_terence

Skill      XL: |  1  2  3 |
---------------+----------+-----
Fighting       | 3 |  3.4
Maces & Flails | 1 |  1.3
Throwing       | |  4.9
Dodging        | |  1.7
Stealth        | |  0.6

Action                   || total
-------------------------++-------
Melee: Short sword       ||    42
       Mace              ||    42
Throw: Stone             ||    83
  Use: Potion            ||     1
  Eat: Chunk             ||     1
Armor: Robe              ||    26
Dodge: Dodged            ||    55
